| Goals | Penalties |
1. Jets , Mark Scheifele 2 (Adam Larsson 2) at 7:28
2. Flames , Jansen Harkins 3 (Dryden Hunt 5, Macklin Celebrini 5) at 18:11
|
Nick Leddy (CAL) for Holding (Minor) at 13:16 Adam Klapka (WPG) for Tripping (Minor) at 15:35
|
3. Jets , Robert Thomas 4 (Mark Scheifele 5) at 3:45
4. Flames , Tyler Johnson 6 (Macklin Celebrini 6) at 5:19
5. Flames , Macklin Celebrini 3 (Tyler Johnson 3) at 12:51
6. Flames , Adam Fantilli 3 (Adam Henrique 3, Kevin Stenlund 2) at 13:58
7. Jets , Kirill Kaprizov 5 (Mark Scheifele 6, Anze Kopitar 5) at 18:13
8. Jets , Martin Necas 4 (Nikita Kucherov 6, Robert Thomas 3) at 18:52 (PP)
|
Ryan Johansen (CAL) for Tripping (Minor) at 8:44 Anze Kopitar (WPG) for Interference (Minor) at 15:52 Ryan Johansen (CAL) for Tripping (Minor) at 18:26
|
9. Jets , Nick Foligno 2 (Christopher Tanev 3, Ryan Strome 2) at 1:28
10. Jets , Curtis Lazar 1 (Ryan Strome 3, Nick Foligno 2) at 2:44
11. Flames , Dryden Hunt 6 (Adam Fantilli 1, Kevin Bahl 1) at 14:56
|
Matt Rempe (CAL) for Roughing (Minor) at 2:55 Matt Rempe (CAL) for Interference (Minor) at 12:01 Ryan Johansen (CAL) for Tripping (Minor) at 15:16 Kevin Stenlund (CAL) for Roughing (Minor) at 19:07
|
|
Jakub Dobes (CAL), 38 saves from 44 shots - (0,864), L, 1-4-1, 59:52 minutes
Ville Husso (WPG), 31 saves from 36 shots - (0,861), W, 2-0-0, 60:00 minutes
|
|
1 - Mark Scheifele (WPG)
2 - Macklin Celebrini (CAL)
3 - Nick Foligno (WPG)
|
Referees : Michelle McKenna and Grace Barlow
Linesman : Mitchell Hunt and Ryan Daisy
|
|
| No Game Note
|
|
Level 1 -- Attendance: 6000 (100%) -- Ticket Income $480,000
Level 2 -- Attendance: 3574 (71%) -- Ticket Income $214,440
Level 3 -- Attendance: 2545 (100%) -- Ticket Income $89,075
Level 4 -- Attendance: 3365 (84%) -- Ticket Income $67,300
Luxury Box -- Attendance: 971 (97%) -- Ticket Income $194,200
Game was played at the MTS Centre.
Total Attendance: 16455 (89%)
Total Ticket Income: $1,045,015
Other Income: $313,504
Total Income: $1,358,519
|
| Team Name |
Goals |
Shots |
Shots Attemp |
Shots Blocked |
PIM |
HIT |
PP |
PK |
FO% |
| Flames |
5 | 36 | 65 | 13 | 14 | 16 | 0 / 2 (0%) | 1 | 37% |
| Jets |
6 | 44 | 91 | 13 | 4 | 21 | 1 / 7 (14%) | 0 | 63% |
Flames
| Player Name |
POS |
G |
A |
P |
+/- |
PIM |
HIT |
SHT |
SB |
MP |
PP MP |
PP SHT |
PK MP |
PK SHT |
FO% |
FOT |
GA |
TA |
| Adam Fantilli | C/LW | 1 | 1 | 2 | -1 | 0 | 1 | 4 | 3 | 18:30 | 0:00 | 0 | 4:08 | 0 | 0% |
2 | 2 | 0 |
| Adam Henrique | C/LW/RW | 0 | 1 | 1 | -2 | 0 | 1 | 0 | 0 | 13:27 | 0:00 | 0 | 0:00 | 0 | 43% |
7 | 0 | 0 |
| Ben Chiarot | D | 0 | 0 | 0 | 1 | 0 | 0 | 0 | 0 | 5:07 | 0:00 | 0 | 0:00 | 0 | 0% |
0 | 0 | 0 |
| Darren Raddysh | D | 0 | 0 | 0 | 0 | 0 | 0 | 0 | 0 | 0:37 | 0:00 | 0 | 0:36 | 0 | 0% |
0 | 0 | 0 |
| Dryden Hunt | LW/RW | 1 | 1 | 2 | 1 | 0 | 0 | 3 | 0 | 18:07 | 2:36 | 1 | 1:03 | 0 | 44% |
9 | 0 | 0 |
| Henry Thrun | D | 0 | 0 | 0 | -2 | 0 | 1 | 0 | 0 | 10:59 | 0:00 | 0 | 0:00 | 0 | 0% |
0 | 0 | 0 |
| Jansen Harkins | C/LW/RW | 1 | 0 | 1 | 0 | 0 | 1 | 5 | 0 | 20:28 | 2:36 | 1 | 5:11 | 0 | 40% |
5 | 0 | 0 |
| Keaton Middleton | D | 0 | 0 | 0 | 2 | 0 | 2 | 6 | 3 | 26:16 | 2:47 | 0 | 5:38 | 0 | 0% |
0 | 0 | 0 |
| Kevin Bahl | D | 0 | 1 | 1 | 1 | 0 | 1 | 1 | 0 | 5:07 | 0:00 | 0 | 0:00 | 0 | 0% |
0 | 0 | 0 |
| Kevin Connauton | D | 0 | 0 | 0 | -1 | 0 | 1 | 1 | 0 | 17:51 | 1:11 | 0 | 5:35 | 0 | 0% |
0 | 1 | 0 |
| Kevin Stenlund | C/RW | 0 | 1 | 1 | -2 | 2 | 1 | 2 | 0 | 14:29 | 0:00 | 0 | 0:32 | 0 | 100% |
1 | 0 | 0 |
| Macklin Celebrini | C | 1 | 2 | 3 | 2 | 0 | 0 | 5 | 0 | 17:28 | 2:36 | 0 | 0:00 | 0 | 0% |
0 | 1 | 0 |
| Matt Rempe | C/LW/RW | 0 | 0 | 0 | 0 | 4 | 2 | 2 | 1 | 20:54 | 1:22 | 0 | 3:29 | 0 | 46% |
13 | 0 | 1 |
| Nick Leddy | D | 0 | 0 | 0 | 0 | 2 | 0 | 0 | 2 | 19:19 | 2:47 | 0 | 4:59 | 0 | 0% |
0 | 0 | 0 |
| Olen Zellweger | D | 0 | 0 | 0 | -2 | 0 | 1 | 1 | 2 | 10:59 | 0:00 | 0 | 0:00 | 0 | 0% |
0 | 0 | 1 |
| Ryan Johansen | C | 0 | 0 | 0 | 1 | 6 | 1 | 0 | 0 | 21:43 | 1:22 | 0 | 2:48 | 0 | 75% |
4 | 1 | 1 |
| Travis Hamonic | D | 0 | 0 | 0 | 1 | 0 | 2 | 2 | 2 | 23:45 | 1:11 | 1 | 5:38 | 0 | 0% |
0 | 0 | 1 |
| Tyler Johnson | C | 1 | 1 | 2 | 1 | 0 | 1 | 4 | 0 | 23:34 | 1:22 | 0 | 5:15 | 0 | 21% |
24 | 1 | 0 |
Jets
| Player Name |
POS |
G |
A |
P |
+/- |
PIM |
HIT |
SHT |
SB |
MP |
PP MP |
PP SHT |
PK MP |
PK SHT |
FO% |
FOT |
GA |
TA |
| Adam Klapka | RW | 0 | 0 | 0 | -3 | 2 | 1 | 1 | 0 | 8:41 | 0:03 | 0 | 0:00 | 0 | 0% |
0 | 0 | 0 |
| Adam Larsson | D | 0 | 1 | 1 | 1 | 0 | 2 | 4 | 1 | 19:06 | 0:00 | 0 | 2:06 | 0 | 0% |
0 | 0 | 1 |
| Anze Kopitar | C | 0 | 1 | 1 | 0 | 2 | 0 | 6 | 2 | 19:06 | 4:50 | 1 | 0:53 | 1 | 71% |
17 | 0 | 0 |
| Christopher Tanev | D | 0 | 1 | 1 | 0 | 0 | 0 | 3 | 3 | 17:34 | 0:00 | 0 | 1:52 | 0 | 0% |
0 | 0 | 0 |
| Curtis Lazar | C/LW/RW | 1 | 0 | 1 | 1 | 0 | 1 | 3 | 0 | 14:45 | 0:05 | 0 | 2:09 | 0 | 100% |
2 | 0 | 1 |
| Dougie Hamilton | D | 0 | 0 | 0 | -1 | 0 | 1 | 3 | 1 | 20:00 | 4:25 | 0 | 0:00 | 0 | 0% |
0 | 1 | 0 |
| Ilya Lyubushkin | D | 0 | 0 | 0 | 0 | 0 | 1 | 0 | 1 | 12:27 | 0:00 | 0 | 1:52 | 0 | 0% |
0 | 0 | 0 |
| Kirill Kaprizov | LW/RW | 1 | 0 | 1 | 1 | 0 | 3 | 2 | 1 | 16:35 | 4:50 | 0 | 0:00 | 0 | 0% |
0 | 0 | 0 |
| Mark Scheifele | C | 1 | 2 | 3 | 1 | 0 | 2 | 2 | 0 | 19:03 | 6:48 | 0 | 0:00 | 0 | 50% |
24 | 2 | 1 |
| Martin Necas | C/LW/RW | 1 | 0 | 1 | 0 | 0 | 1 | 1 | 0 | 19:16 | 6:18 | 1 | 0:10 | 0 | 0% |
1 | 0 | 1 |
| Mathieu Olivier | LW/RW | 0 | 0 | 0 | -2 | 0 | 1 | 2 | 1 | 9:54 | 0:03 | 0 | 0:46 | 0 | 0% |
0 | 0 | 0 |
| Matt Grzelcyk | D | 0 | 0 | 0 | 0 | 0 | 0 | 0 | 0 | 9:36 | 0:00 | 0 | 0:00 | 0 | 0% |
0 | 0 | 0 |
| Nick Foligno | C/LW | 1 | 1 | 2 | 2 | 0 | 2 | 6 | 0 | 17:36 | 4:50 | 0 | 1:56 | 0 | 80% |
5 | 0 | 0 |
| Nikita Kucherov | RW | 0 | 1 | 1 | 0 | 0 | 2 | 2 | 0 | 19:13 | 6:20 | 0 | 0:00 | 0 | 0% |
1 | 0 | 0 |
| Robert Thomas | C/RW | 1 | 1 | 2 | 1 | 0 | 1 | 3 | 0 | 18:24 | 6:20 | 0 | 0:10 | 0 | 64% |
11 | 0 | 0 |
| Ryan Strome | C/LW/RW | 0 | 2 | 2 | 0 | 0 | 1 | 2 | 0 | 19:38 | 4:25 | 0 | 1:52 | 0 | 100% |
1 | 0 | 0 |
| Thomas Chabot | D | 0 | 0 | 0 | 1 | 0 | 2 | 1 | 3 | 27:14 | 6:48 | 0 | 2:06 | 0 | 0% |
0 | 0 | 2 |
| Tommy Novak | C/LW | 0 | 0 | 0 | -2 | 0 | 0 | 3 | 0 | 7:52 | 0:00 | 0 | 0:00 | 0 | 100% |
3 | 1 | 0 |
Flames
| 5 vs 5 Forward |
|---|
| Line # | Left Wing | Center | Right Wing | PHY | DF | OF | Wanted % | Time % | Time Play |
| 1 | Ryan Johansen | Tyler Johnson | Macklin Celebrini | 5 | 0 | 0 | 35 | 34% | 15:09
|
| 2 | Matt Rempe | Dryden Hunt | Jansen Harkins | 5 | 0 | 0 | 29 | 29% | 13:06
|
| 3 | Kevin Stenlund | Adam Henrique | Adam Fantilli | 0 | 5 | 0 | 21 | 30% | 13:09
|
| 4 | Ryan Johansen | Matt Rempe | Tyler Johnson | 5 | 0 | 0 | 15 | 7% | 3:03
|
| 5 vs 5 Defense |
|---|
| Line # | Defense | Defense | | PHY | DF | OF | Wanted % | Time % | Time Play |
| 1 | Keaton Middleton | Travis Hamonic | | 5 | 0 | 0 | 40 | 38% | 16:47
|
| 2 | Nick Leddy | Kevin Connauton | | 5 | 0 | 0 | 30 | 26% | 11:34
|
| 3 | Henry Thrun | Olen Zellweger | | 0 | 5 | 0 | 20 | 25% | 10:59
|
| 4 | Ben Chiarot | Kevin Bahl | | 5 | 0 | 0 | 10 | 12% | 5:07
|
| Power Play Forward |
|---|
| Line # | Left Wing | Center | Right Wing | PHY | DF | OF | Wanted % | Time % | Time Play |
| 1 | Ryan Johansen | Matt Rempe | Tyler Johnson | 5 | 0 | 0 | 50 | 34% | 1:22
|
| 2 | Jansen Harkins | Dryden Hunt | Macklin Celebrini | 5 | 0 | 0 | 50 | 66% | 2:36
|
| Power Play Defense |
|---|
| Line # | Defense | Defense | | PHY | DF | OF | Wanted % | Time % | Time Play |
| 1 | Kevin Connauton | Travis Hamonic | | 5 | 0 | 0 | 50 | 30% | 1:11
|
| 2 | Nick Leddy | Keaton Middleton | | 5 | 0 | 0 | 50 | 70% | 2:47
|
| Penalty Kill 4 Players Forward |
|---|
| Line # | Center | Wing | PHY | DF | OF | Wanted % | Time % | Time Play |
| 1 | Matt Rempe | Ryan Johansen | 5 | 0 | 0 | 50 | 53% | 5:58
|
| 2 | Jansen Harkins | Tyler Johnson | 5 | 0 | 0 | 50 | 47% | 5:15
|
| Penalty Kill 4 Players Defense |
|---|
| Line # | Defense | Defense | PHY | DF | OF | Wanted % | Time % | Time Play |
| 1 | Keaton Middleton | Travis Hamonic | 5 | 0 | 0 | 50 | 50% | 5:38
|
| 2 | Nick Leddy | Kevin Connauton | 5 | 0 | 0 | 50 | 50% | 5:35
|
| Penalty Kill 3 Players |
|---|
| Line # | Wing | PHY | DF | OF | Wanted % | Time % | Time Play | Defense | Defense | PHY | DF | OF | Wanted % | Time % | Time Play |
| 1 | Matt Rempe | 5 | 0 | 0 | 50 | 0% | 0:00
| Kevin Connauton | Travis Hamonic | 5 | 0 | 0 | 50 | 0% | 0:00
|
| 2 | Ryan Johansen | 5 | 0 | 0 | 50 | 0% | 0:00
| Olen Zellweger | Keaton Middleton | 5 | 0 | 0 | 50 | 0% | 0:00
|
| 4 vs 4 Forward |
|---|
| Line # | Center | Wing | PHY | DF | OF | Wanted % | Time % | Time Play |
| 1 | Matt Rempe | Ryan Johansen | 5 | 0 | 0 | 50 | 0% | 0:00
|
| 2 | Jansen Harkins | Tyler Johnson | 5 | 0 | 0 | 50 | 0% | 0:00
|
| 4 vs 4 Defense |
|---|
| Line # | Defense | | PHY | DF | OF | Wanted % | Time % | Time Play |
| 1 | Travis Hamonic | Keaton Middleton | 5 | 0 | 0 | 50 | 0% | 0:00
|
| 2 | Nick Leddy | Kevin Connauton | 5 | 0 | 0 | 50 | 0% | 0:00
|
| Last Minutes Offensive |
|---|
| Left Wing | Center | Right Wing | Defense | Defense |
| Ryan Johansen | Matt Rempe | Dryden Hunt | Keaton Middleton | Kevin Connauton |
| Last Minutes Defensive |
|---|
| Left Wing | Center | Right Wing | Defense | Defense |
| Ryan Johansen | Matt Rempe | Dryden Hunt | Keaton Middleton | Kevin Connauton |
| Time |
|---|
| Total Forward | Total Defense | Last Minutes Offensive | Last Minutes Defensive |
| 60:00 |
60:00 |
0:22 | 0:00 |
| Extra Forwards |
|---|
| Normal | PowerPlay | Penalty Kill |
|
Matt Rempe, Ryan Johansen, Dryden Hunt | Matt Rempe, Dryden Hunt | Matt Rempe |
| Extra Defensemen |
|---|
| Normal | PowerPlay | Penalty Kill |
|
Kevin Connauton, Keaton Middleton, Henry Thrun | Keaton Middleton, Keaton Middleton | Kevin Connauton |
| Penalty Shots |
|---|
|
Matt Rempe, Keaton Middleton, Kevin Connauton, Henry Thrun, Olen Zellweger |
| Goalie |
|---|
| Jakub Dobes, Jack Campbell |
| Scratches |
|---|
|
Riley Nash (Healthy), Brad Hunt (Healthy), Hunter Drew (Healthy), Florian Xhekaj (Healthy), Jacob Moverare (Healthy) |
Jets
| 5 vs 5 Forward |
|---|
| Line # | Left Wing | Center | Right Wing | PHY | DF | OF | Wanted % | Time % | Time Play |
| 1 | Martin Necas | Anze Kopitar | Nikita Kucherov | 1 | 1 | 3 | 36 | 31% | 13:46
|
| 2 | Kirill Kaprizov | Mark Scheifele | Robert Thomas | 0 | 2 | 3 | 32 | 28% | 12:31
|
| 3 | Curtis Lazar | Nick Foligno | Ryan Strome | 1 | 2 | 2 | 29 | 24% | 10:31
|
| 4 | Mathieu Olivier | Tommy Novak | Adam Klapka | 1 | 4 | 0 | 3 | 17% | 7:42
|
| 5 vs 5 Defense |
|---|
| Line # | Defense | Defense | | PHY | DF | OF | Wanted % | Time % | Time Play |
| 1 | Thomas Chabot | Adam Larsson | | 1 | 2 | 2 | 40 | 40% | 17:51
|
| 2 | Dougie Hamilton | Christopher Tanev | | 1 | 3 | 1 | 35 | 37% | 16:34
|
| 3 | Ilya Lyubushkin | Matt Grzelcyk | | 2 | 3 | 0 | 20 | 22% | 9:36
|
| 4 | Thomas Chabot | Christopher Tanev | | 0 | 2 | 3 | 5 | 1% | 0:29
|
| Power Play Forward |
|---|
| Line # | Left Wing | Center | Right Wing | PHY | DF | OF | Wanted % | Time % | Time Play |
| 1 | Martin Necas | Robert Thomas | Nikita Kucherov | 0 | 1 | 4 | 60 | 57% | 6:23
|
| 2 | Nick Foligno | Anze Kopitar | Kirill Kaprizov | 0 | 1 | 4 | 40 | 43% | 4:50
|
| Power Play Defense |
|---|
| Line # | Defense | Defense | | PHY | DF | OF | Wanted % | Time % | Time Play |
| 1 | Thomas Chabot | Mark Scheifele | | 0 | 1 | 4 | 60 | 61% | 6:48
|
| 2 | Dougie Hamilton | Ryan Strome | | 0 | 1 | 4 | 40 | 39% | 4:25
|
| Penalty Kill 4 Players Forward |
|---|
| Line # | Center | Wing | PHY | DF | OF | Wanted % | Time % | Time Play |
| 1 | Anze Kopitar | Nick Foligno | 0 | 5 | 0 | 65 | 100% | 3:58
|
| 2 | Mark Scheifele | Robert Thomas | 0 | 5 | 0 | 35 | 0% | 0:00
|
| Penalty Kill 4 Players Defense |
|---|
| Line # | Defense | Defense | PHY | DF | OF | Wanted % | Time % | Time Play |
| 1 | Thomas Chabot | Adam Larsson | 0 | 5 | 0 | 65 | 53% | 2:06
|
| 2 | Ilya Lyubushkin | Christopher Tanev | 0 | 5 | 0 | 35 | 47% | 1:52
|
| Penalty Kill 3 Players |
|---|
| Line # | Wing | PHY | DF | OF | Wanted % | Time % | Time Play | Defense | Defense | PHY | DF | OF | Wanted % | Time % | Time Play |
| 1 | Anze Kopitar | 0 | 5 | 0 | 60 | 0% | 0:00
| Thomas Chabot | Adam Larsson | 0 | 5 | 0 | 60 | 0% | 0:00
|
| 2 | Robert Thomas | 0 | 5 | 0 | 40 | 0% | 0:00
| Ilya Lyubushkin | Christopher Tanev | 0 | 5 | 0 | 40 | 0% | 0:00
|
| 4 vs 4 Forward |
|---|
| Line # | Center | Wing | PHY | DF | OF | Wanted % | Time % | Time Play |
| 1 | Anze Kopitar | Nikita Kucherov | 1 | 1 | 3 | 60 | 0% | 0:00
|
| 2 | Robert Thomas | Martin Necas | 1 | 1 | 3 | 40 | 0% | 0:00
|
| 4 vs 4 Defense |
|---|
| Line # | Defense | | PHY | DF | OF | Wanted % | Time % | Time Play |
| 1 | Thomas Chabot | Adam Larsson | 1 | 1 | 3 | 60 | 0% | 0:00
|
| 2 | Dougie Hamilton | Christopher Tanev | 1 | 1 | 3 | 40 | 0% | 0:00
|
| Last Minutes Offensive |
|---|
| Left Wing | Center | Right Wing | Defense | Defense |
| Martin Necas | Anze Kopitar | Nikita Kucherov | Thomas Chabot | Adam Larsson |
| Last Minutes Defensive |
|---|
| Left Wing | Center | Right Wing | Defense | Defense |
| Nick Foligno | Anze Kopitar | Robert Thomas | Adam Larsson | Christopher Tanev |
| Time |
|---|
| Total Forward | Total Defense | Last Minutes Offensive | Last Minutes Defensive |
| 60:00 |
60:00 |
0:00 | 0:19 |
| Extra Forwards |
|---|
| Normal | PowerPlay | Penalty Kill |
|
Robert Thomas, Kirill Kaprizov, Mark Scheifele | Robert Thomas, Mark Scheifele | Anze Kopitar |
| Extra Defensemen |
|---|
| Normal | PowerPlay | Penalty Kill |
|
Thomas Chabot, Adam Larsson, Dougie Hamilton | Thomas Chabot, Adam Larsson | Christopher Tanev |
| Penalty Shots |
|---|
|
Nikita Kucherov, Mark Scheifele, Martin Necas, Kirill Kaprizov, Robert Thomas |
| Goalie |
|---|
| Ville Husso, Linus Ullmark |
Play-by-Play
1st period
0:01 of 1st period - Anze Kopitar wins face-off versus Tyler Johnson in neutral zone.
0:47 of 1st period - Wrist shot by Adam Henrique.
0:47 of 1st period - Shot Misses the Net.
0:49 of 1st period - Snap shot by Keaton Middleton.
0:49 of 1st period - Stopped by Ville Husso with a rebound.
0:51 of 1st period - Snap shot by Kevin Stenlund.
0:51 of 1st period - Stopped by Ville Husso with a rebound.
0:53 of 1st period - Slapshot by Keaton Middleton.
0:53 of 1st period - Stopped by Ville Husso with a rebound.
0:55 of 1st period - Slapshot by Keaton Middleton.
0:55 of 1st period - Deflect By Ryan Strome.
0:55 of 1st period - Stopped by Ville Husso with a rebound.
1:13 of 1st period - Wrist shot by Macklin Celebrini.
1:13 of 1st period - Shot Misses the Net.
1:33 of 1st period - Slapshot by Nikita Kucherov.
1:33 of 1st period - Stopped by Jakub Dobes without a rebound.
1:34 of 1st period - Dryden Hunt wins face-off versus Nikita Kucherov in Flames zone.
2:42 of 1st period - Icing by Olen Zellweger.
2:43 of 1st period - Mark Scheifele wins face-off versus Dryden Hunt in Flames zone.
3:53 of 1st period - Snap shot by Nick Foligno.
3:53 of 1st period - Shot Misses the Net.
4:01 of 1st period - Slapshot by Olen Zellweger.
4:01 of 1st period - Shot Blocked by Christopher Tanev.
4:04 of 1st period - Icing by Dougie Hamilton.
4:05 of 1st period - Ryan Strome wins face-off versus Tyler Johnson in Jets zone.
4:12 of 1st period - Snap shot by Curtis Lazar.
4:12 of 1st period - Stopped by Jakub Dobes with a rebound.
4:14 of 1st period - Wrist shot by Dougie Hamilton.
4:14 of 1st period - Shot Misses the Net.
4:16 of 1st period - Slapshot by Dougie Hamilton.
4:16 of 1st period - Shot Misses the Net.
4:18 of 1st period - Snap shot by Curtis Lazar.
4:18 of 1st period - Shot Misses the Net.
4:22 of 1st period - Snap shot by Nick Foligno.
4:22 of 1st period - Shot Misses the Net.
4:38 of 1st period - Slapshot by Ryan Strome.
4:38 of 1st period - Shot Blocked by Nick Leddy.
4:40 of 1st period - Slapshot by Dougie Hamilton.
4:40 of 1st period - Stopped by Jakub Dobes with a rebound.
4:42 of 1st period - Slapshot by Christopher Tanev.
4:42 of 1st period - Deflect By Tyler Johnson.
4:42 of 1st period - Stopped by Jakub Dobes with a rebound.
4:44 of 1st period - Slapshot by Christopher Tanev.
4:44 of 1st period - Stopped by Jakub Dobes with a rebound.
4:48 of 1st period - Snap shot by Curtis Lazar.
4:48 of 1st period - Shot Misses the Net.
6:05 of 1st period - Snap shot by Nick Foligno.
6:05 of 1st period - Shot Blocked by Nick Leddy.
6:07 of 1st period - Snap shot by Nick Foligno.
6:07 of 1st period - Stopped by Jakub Dobes with a rebound.
6:09 of 1st period - Backhand shot by Christopher Tanev.
6:09 of 1st period - Shot Misses the Net.
6:11 of 1st period - Wrist shot by Curtis Lazar.
6:11 of 1st period - Stopped by Jakub Dobes without a rebound.
6:12 of 1st period - Adam Henrique wins face-off versus Mark Scheifele in Flames zone.
6:14 of 1st period - Icing by Adam Fantilli.
6:15 of 1st period - Adam Henrique wins face-off versus Mark Scheifele in Flames zone.
6:15 of 1st period - Adam Henrique is hit by Adam Larsson.
6:20 of 1st period - Off-side.
6:21 of 1st period - Adam Henrique wins face-off versus Mark Scheifele in neutral zone.
6:31 of 1st period - Slapshot by Mark Scheifele.
6:31 of 1st period - Shot Misses the Net.
6:33 of 1st period - Slapshot by Thomas Chabot.
6:33 of 1st period - Shot Misses the Net.
6:35 of 1st period - Backhand shot by Robert Thomas.
6:35 of 1st period - Stopped by Jakub Dobes with a rebound.
6:37 of 1st period - Slapshot by Thomas Chabot.
6:37 of 1st period - Deflect By Kirill Kaprizov.
6:37 of 1st period - Stopped by Jakub Dobes with a rebound.
6:39 of 1st period - Slapshot by Adam Larsson.
6:39 of 1st period - Stopped by Jakub Dobes without a rebound.
6:40 of 1st period - Anze Kopitar wins face-off versus Dryden Hunt in Flames zone.
7:18 of 1st period - Off-side.
7:19 of 1st period - Mark Scheifele wins face-off versus Adam Fantilli in neutral zone.
7:28 of 1st period - Wrist shot by Mark Scheifele.
7:28 of 1st period - Goal by Mark Scheifele - Flames : 0 - Jets : 1.
7:29 of 1st period - Mark Scheifele wins face-off versus Matt Rempe in neutral zone.
9:21 of 1st period - Wrist shot by Thomas Chabot.
9:21 of 1st period - Deflect By Mark Scheifele.
9:21 of 1st period - Shot Misses the Net.
9:21 of 1st period - Puck is out of play.
9:22 of 1st period - Mark Scheifele wins face-off versus Tyler Johnson in Flames zone.
9:49 of 1st period - Kevin Connauton is hit by Mathieu Olivier and loses puck.
10:17 of 1st period - Slapshot by Adam Henrique.
10:17 of 1st period - Shot Blocked by Anze Kopitar.
10:19 of 1st period - Slapshot by Kevin Stenlund.
10:19 of 1st period - Shot Blocked by Anze Kopitar.
11:03 of 1st period - Snap shot by Nick Foligno.
11:03 of 1st period - Stopped by Jakub Dobes without a rebound.
11:04 of 1st period - Nick Foligno wins face-off versus Dryden Hunt in Flames zone.
11:54 of 1st period - Wrist shot by Nick Foligno.
11:54 of 1st period - Deflect By Henry Thrun.
11:54 of 1st period - Shot Misses the Net.
11:54 of 1st period - Puck is out of play.
11:55 of 1st period - Anze Kopitar wins face-off versus Tyler Johnson in Flames zone.
12:28 of 1st period - Slapshot by Adam Henrique.
12:28 of 1st period - Shot Blocked by Thomas Chabot.
12:30 of 1st period - Snap shot by Adam Fantilli.
12:30 of 1st period - Stopped by Ville Husso with a rebound.
12:32 of 1st period - Slapshot by Keaton Middleton.
12:32 of 1st period - Shot Blocked by Thomas Chabot.
12:34 of 1st period - Wrist shot by Adam Fantilli.
12:34 of 1st period - Shot Blocked by Adam Larsson.
12:36 of 1st period - Slapshot by Travis Hamonic.
12:36 of 1st period - Shot Blocked by Kirill Kaprizov.
12:52 of 1st period - Slapshot by Thomas Chabot.
12:52 of 1st period - Deflect By Anze Kopitar.
12:52 of 1st period - Stopped by Jakub Dobes without a rebound.
12:53 of 1st period - Ryan Johansen wins face-off versus Anze Kopitar in Flames zone.
12:53 of 1st period - Ryan Johansen is hit by Ilya Lyubushkin.
12:58 of 1st period - Macklin Celebrini is hit by Nikita Kucherov.
13:16 of 1st period - Minor Penalty to Nick Leddy for Holding.
13:17 of 1st period - Robert Thomas wins face-off versus Matt Rempe in Flames zone.
13:54 of 1st period - Wrist shot by Anze Kopitar.
13:54 of 1st period - Stopped by Jakub Dobes with a rebound.
15:16 of 1st period - Penalty to Nick Leddy is over, Nick Leddy is back on ice.
15:23 of 1st period - Olen Zellweger is hit by Adam Klapka and loses puck.
15:28 of 1st period - Slapshot by Matt Grzelcyk.
15:28 of 1st period - Shot Misses the Net.
15:35 of 1st period - Minor Penalty to Adam Klapka for Tripping.
15:36 of 1st period - Dryden Hunt wins face-off versus Anze Kopitar in Jets zone.
15:50 of 1st period - Snap shot by Anze Kopitar.
15:50 of 1st period - Stopped by Jakub Dobes without a rebound.
15:51 of 1st period - Anze Kopitar wins face-off versus Ryan Johansen in Flames zone.
15:52 of 1st period - Wrist shot by Nick Foligno.
15:52 of 1st period - Shot Misses the Net.
17:13 of 1st period - Slapshot by Macklin Celebrini.
17:13 of 1st period - Shot Misses the Net.
17:15 of 1st period - Wrist shot by Jansen Harkins.
17:15 of 1st period - Stopped by Ville Husso with a rebound.
17:17 of 1st period - Wrist shot by Dryden Hunt.
17:17 of 1st period - Stopped by Ville Husso with a rebound.
17:19 of 1st period - Slapshot by Keaton Middleton.
17:19 of 1st period - Shot Blocked by Ilya Lyubushkin.
17:21 of 1st period - Wrist shot by Keaton Middleton.
17:21 of 1st period - Shot Misses the Net.
17:23 of 1st period - Slapshot by Keaton Middleton.
17:23 of 1st period - Shot Blocked by Christopher Tanev.
17:35 of 1st period - Penalty to Adam Klapka is over, Adam Klapka is back on ice.
17:41 of 1st period - Snap shot by Jansen Harkins.
17:41 of 1st period - Stopped by Ville Husso with a rebound.
17:43 of 1st period - Snap shot by Keaton Middleton.
17:43 of 1st period - Stopped by Ville Husso with a rebound.
18:01 of 1st period - Wrist shot by Jansen Harkins.
18:01 of 1st period - Stopped by Ville Husso with a rebound.
18:03 of 1st period - Wrist shot by Dryden Hunt.
18:03 of 1st period - Deflect By Jansen Harkins.
18:03 of 1st period - Stopped by Ville Husso with a rebound.
18:09 of 1st period - Slapshot by Jansen Harkins.
18:09 of 1st period - Shot Misses the Net.
18:11 of 1st period - Snap shot by Jansen Harkins.
18:11 of 1st period - Goal by Jansen Harkins - Flames : 1 - Jets : 1.
18:12 of 1st period - Matt Rempe wins face-off versus Mark Scheifele in neutral zone.
18:44 of 1st period - Adam Henrique is hit by Martin Necas and loses puck.
18:49 of 1st period - Slapshot by Anze Kopitar.
18:49 of 1st period - Shot Misses the Net.
18:57 of 1st period - Anze Kopitar is hit by Adam Fantilli and loses puck.
19:04 of 1st period - Snap shot by Adam Henrique.
19:04 of 1st period - Shot Blocked by Dougie Hamilton.
19:06 of 1st period - Wrist shot by Kevin Bahl.
19:06 of 1st period - Stopped by Ville Husso without a rebound.
19:07 of 1st period - Matt Rempe wins face-off versus Mark Scheifele in Jets zone.
19:32 of 1st period - Adam Fantilli is hit by Thomas Chabot and loses puck.
19:48 of 1st period - Ilya Lyubushkin is hit by Henry Thrun and loses puck.
Goals for this period are 1 for Flames vs 1 for Jets.
Shots for this period are 13 for Flames vs 15 for Jets.
2nd period
0:01 of 2nd period - Mark Scheifele wins face-off versus Tyler Johnson in neutral zone.
0:16 of 2nd period - Snap shot by Macklin Celebrini.
0:16 of 2nd period - Shot Misses the Net.
0:56 of 2nd period - Snap shot by Nikita Kucherov.
0:56 of 2nd period - Shot Misses the Net.
0:58 of 2nd period - Snap shot by Martin Necas.
0:58 of 2nd period - Shot Misses the Net.
1:00 of 2nd period - Backhand shot by Adam Larsson.
1:00 of 2nd period - Stopped by Jakub Dobes with a rebound.
1:16 of 2nd period - Slapshot by Nikita Kucherov.
1:16 of 2nd period - Shot Misses the Net.
1:18 of 2nd period - Slapshot by Adam Larsson.
1:18 of 2nd period - Deflect By Adam Fantilli.
1:18 of 2nd period - Stopped by Jakub Dobes without a rebound.
1:19 of 2nd period - Mark Scheifele wins face-off versus Tyler Johnson in Flames zone.
1:24 of 2nd period - Slapshot by Kirill Kaprizov.
1:24 of 2nd period - Shot Misses the Net.
1:52 of 2nd period - Jansen Harkins is hit by Curtis Lazar and loses puck.
2:13 of 2nd period - Wrist shot by Adam Fantilli.
2:13 of 2nd period - Shot Misses the Net.
3:35 of 2nd period - Slapshot by Adam Fantilli.
3:35 of 2nd period - Stopped by Ville Husso with a rebound.
3:37 of 2nd period - Slapshot by Keaton Middleton.
3:37 of 2nd period - Deflect By Mark Scheifele.
3:37 of 2nd period - Stopped by Ville Husso with a rebound.
3:39 of 2nd period - Wrist shot by Travis Hamonic.
3:39 of 2nd period - Stopped by Ville Husso without a rebound.
3:40 of 2nd period - Mark Scheifele wins face-off versus Adam Henrique in Jets zone.
3:45 of 2nd period - Wrist shot by Robert Thomas.
3:45 of 2nd period - Goal by Robert Thomas - Flames : 1 - Jets : 2.
3:46 of 2nd period - Mark Scheifele wins face-off versus Matt Rempe in neutral zone.
3:49 of 2nd period - Snap shot by Mark Scheifele.
3:49 of 2nd period - Stopped by Jakub Dobes with a rebound.
3:57 of 2nd period - Snap shot by Robert Thomas.
3:57 of 2nd period - Shot Blocked by Keaton Middleton.
3:59 of 2nd period - Wrist shot by Robert Thomas.
3:59 of 2nd period - Stopped by Jakub Dobes without a rebound.
4:00 of 2nd period - Mark Scheifele wins face-off versus Tyler Johnson in Flames zone.
4:27 of 2nd period - Thomas Chabot is hit by Matt Rempe and loses puck.
5:01 of 2nd period - Wrist shot by Mathieu Olivier.
5:01 of 2nd period - Shot Blocked by Keaton Middleton.
5:11 of 2nd period - Wrist shot by Matt Rempe.
5:11 of 2nd period - Shot Blocked by Mathieu Olivier.
5:13 of 2nd period - Slapshot by Keaton Middleton.
5:13 of 2nd period - Stopped by Ville Husso without a rebound.
5:14 of 2nd period - Tyler Johnson wins face-off versus Mark Scheifele in Jets zone.
5:17 of 2nd period - Wrist shot by Tyler Johnson.
5:17 of 2nd period - Shot Misses the Net.
5:19 of 2nd period - Wrist shot by Tyler Johnson.
5:19 of 2nd period - Goal by Tyler Johnson - Flames : 2 - Jets : 2.
5:20 of 2nd period - Tyler Johnson wins face-off versus Mark Scheifele in neutral zone.
5:31 of 2nd period - Wrist shot by Macklin Celebrini.
5:31 of 2nd period - Stopped by Ville Husso with a rebound.
5:36 of 2nd period - Off-side.
5:37 of 2nd period - Dryden Hunt wins face-off versus Anze Kopitar in neutral zone.
5:55 of 2nd period - Keaton Middleton is hit by Adam Larsson and loses puck.
6:38 of 2nd period - Snap shot by Tyler Johnson.
6:38 of 2nd period - Stopped by Ville Husso with a rebound.
6:40 of 2nd period - Snap shot by Nick Leddy.
6:40 of 2nd period - Shot Misses the Net.
6:42 of 2nd period - Slapshot by Kevin Connauton.
6:42 of 2nd period - Stopped by Ville Husso with a rebound.
6:44 of 2nd period - Snap shot by Macklin Celebrini.
6:44 of 2nd period - Stopped by Ville Husso with a rebound.
6:58 of 2nd period - Matt Rempe is hit by Nick Foligno and loses puck.
7:07 of 2nd period - Wrist shot by Nick Foligno.
7:07 of 2nd period - Stopped by Jakub Dobes with a rebound.
7:23 of 2nd period - Wrist shot by Mathieu Olivier.
7:23 of 2nd period - Stopped by Jakub Dobes with a rebound.
7:37 of 2nd period - Dougie Hamilton is hit by Kevin Bahl and loses puck.
8:07 of 2nd period - Wrist shot by Ryan Strome.
8:07 of 2nd period - Stopped by Jakub Dobes with a rebound.
8:27 of 2nd period - Wrist shot by Martin Necas.
8:27 of 2nd period - Shot Blocked by Adam Fantilli.
8:29 of 2nd period - Slapshot by Matt Grzelcyk.
8:29 of 2nd period - Shot Blocked by Travis Hamonic.
8:31 of 2nd period - Wrist shot by Anze Kopitar.
8:31 of 2nd period - Deflect By Kevin Stenlund.
8:31 of 2nd period - Stopped by Jakub Dobes without a rebound.
8:32 of 2nd period - Nick Foligno wins face-off versus Tyler Johnson in Flames zone.
8:33 of 2nd period - Wrist shot by Ryan Strome.
8:33 of 2nd period - Stopped by Jakub Dobes without a rebound.
8:34 of 2nd period - Nick Foligno wins face-off versus Tyler Johnson in Flames zone.
8:44 of 2nd period - Minor Penalty to Ryan Johansen for Tripping.
8:45 of 2nd period - Matt Rempe wins face-off versus Robert Thomas in Flames zone.
8:45 of 2nd period - Matt Rempe is hit by Mark Scheifele.
9:32 of 2nd period - Icing by Thomas Chabot.
9:33 of 2nd period - Robert Thomas wins face-off versus Adam Fantilli in Jets zone.
10:44 of 2nd period - Penalty to Ryan Johansen is over, Ryan Johansen is back on ice.
10:53 of 2nd period - Snap shot by Macklin Celebrini.
10:53 of 2nd period - Shot Misses the Net.
11:22 of 2nd period - Icing by Olen Zellweger.
11:23 of 2nd period - Anze Kopitar wins face-off versus Adam Henrique in Flames zone.
12:08 of 2nd period - Slapshot by Martin Necas.
12:08 of 2nd period - Shot Misses the Net.
12:24 of 2nd period - Ilya Lyubushkin is hit by Adam Henrique and loses puck.
12:31 of 2nd period - Snap shot by Kevin Stenlund.
12:31 of 2nd period - Stopped by Ville Husso without a rebound.
12:32 of 2nd period - Matt Rempe wins face-off versus Mark Scheifele in Jets zone.
12:45 of 2nd period - Snap shot by Tyler Johnson.
12:45 of 2nd period - Stopped by Ville Husso without a rebound.
12:46 of 2nd period - Tyler Johnson wins face-off versus Mark Scheifele in Jets zone.
12:51 of 2nd period - Snap shot by Macklin Celebrini.
12:51 of 2nd period - Goal by Macklin Celebrini - Flames : 3 - Jets : 2.
12:52 of 2nd period - Matt Rempe wins face-off versus Nick Foligno in neutral zone.
13:09 of 2nd period - Slapshot by Adam Larsson.
13:09 of 2nd period - Shot Misses the Net.
13:58 of 2nd period - Snap shot by Adam Henrique.
13:58 of 2nd period - Deflect By Adam Fantilli.
13:58 of 2nd period - Goal by Adam Fantilli - Flames : 4 - Jets : 2.
13:59 of 2nd period - Robert Thomas wins face-off versus Tyler Johnson in neutral zone.
14:05 of 2nd period - Off-side.
14:06 of 2nd period - Mark Scheifele wins face-off versus Tyler Johnson in neutral zone.
14:06 of 2nd period - Mark Scheifele is hit by Tyler Johnson.
14:10 of 2nd period - Slapshot by Thomas Chabot.
14:10 of 2nd period - Shot Misses the Net.
15:00 of 2nd period - Slapshot by Nikita Kucherov.
15:00 of 2nd period - Shot Misses the Net.
15:02 of 2nd period - Wrist shot by Christopher Tanev.
15:02 of 2nd period - Shot Blocked by Adam Fantilli.
15:39 of 2nd period - Nick Foligno is hit by Kevin Stenlund.
15:49 of 2nd period - Snap shot by Adam Fantilli.
15:49 of 2nd period - Stopped by Ville Husso without a rebound.
15:50 of 2nd period - Anze Kopitar wins face-off versus Tyler Johnson in Jets zone.
15:52 of 2nd period - Minor Penalty to Anze Kopitar for Interference.
15:53 of 2nd period - Curtis Lazar wins face-off versus Matt Rempe in Jets zone.
15:53 of 2nd period - Curtis Lazar is hit by Kevin Connauton.
16:08 of 2nd period - Slapshot by Travis Hamonic.
16:08 of 2nd period - Stopped by Ville Husso with a rebound.
16:20 of 2nd period - Nick Foligno is hit by Travis Hamonic and loses puck.
16:35 of 2nd period - Dryden Hunt is hit by Nick Foligno and loses puck.
17:52 of 2nd period - Penalty to Anze Kopitar is over, Anze Kopitar is back on ice.
18:13 of 2nd period - Snap shot by Kirill Kaprizov.
18:13 of 2nd period - Goal by Kirill Kaprizov - Flames : 4 - Jets : 3.
18:14 of 2nd period - Anze Kopitar wins face-off versus Matt Rempe in neutral zone.
18:16 of 2nd period - Thomas Chabot is hit by Keaton Middleton and loses puck.
18:23 of 2nd period - Slapshot by Nikita Kucherov.
18:23 of 2nd period - Stopped by Jakub Dobes without a rebound.
18:24 of 2nd period - Tyler Johnson wins face-off versus Martin Necas in Flames zone.
18:26 of 2nd period - Minor Penalty to Ryan Johansen for Tripping.
18:27 of 2nd period - Jansen Harkins wins face-off versus Robert Thomas in Flames zone.
18:34 of 2nd period - Icing by Mark Scheifele.
18:35 of 2nd period - Robert Thomas wins face-off versus Matt Rempe in Jets zone.
18:50 of 2nd period - Wrist shot by Martin Necas.
18:50 of 2nd period - Shot Blocked by Adam Fantilli.
18:52 of 2nd period - Snap shot by Martin Necas.
18:52 of 2nd period - Goal by Martin Necas - Flames : 4 - Jets : 4.
18:53 of 2nd period - Anze Kopitar wins face-off versus Tyler Johnson in neutral zone.
19:20 of 2nd period - Matt Rempe is hit by Ryan Strome and loses puck.
19:27 of 2nd period - Snap shot by Nick Foligno.
19:27 of 2nd period - Stopped by Jakub Dobes with a rebound.
19:29 of 2nd period - Slapshot by Dougie Hamilton.
19:29 of 2nd period - Stopped by Jakub Dobes without a rebound.
19:30 of 2nd period - Mark Scheifele wins face-off versus Tyler Johnson in Flames zone.
Goals for this period are 3 for Flames vs 3 for Jets.
Shots for this period are 15 for Flames vs 15 for Jets.
3rd period
0:01 of 3rd period - Anze Kopitar wins face-off versus Tyler Johnson in neutral zone.
0:06 of 3rd period - Martin Necas is hit by Ryan Johansen and loses puck.
0:33 of 3rd period - Slapshot by Dougie Hamilton.
0:33 of 3rd period - Stopped by Jakub Dobes without a rebound.
0:34 of 3rd period - Curtis Lazar wins face-off versus Dryden Hunt in Flames zone.
0:43 of 3rd period - Slapshot by Nick Leddy.
0:43 of 3rd period - Deflect By Matt Rempe.
0:43 of 3rd period - Stopped by Ville Husso with a rebound.
0:57 of 3rd period - Wrist shot by Jansen Harkins.
0:57 of 3rd period - Shot Misses the Net.
1:05 of 3rd period - Matt Rempe is hit by Dougie Hamilton and loses puck.
1:18 of 3rd period - Wrist shot by Ryan Strome.
1:18 of 3rd period - Shot Misses the Net.
1:24 of 3rd period - Backhand shot by Nick Foligno.
1:24 of 3rd period - Shot Blocked by Olen Zellweger.
1:26 of 3rd period - Slapshot by Christopher Tanev.
1:26 of 3rd period - Shot Blocked by Olen Zellweger.
1:28 of 3rd period - Slapshot by Nick Foligno.
1:28 of 3rd period - Goal by Nick Foligno - Flames : 4 - Jets : 5.
1:29 of 3rd period - Ryan Johansen wins face-off versus Mark Scheifele in neutral zone.
1:56 of 3rd period - Adam Henrique is hit by Nikita Kucherov and loses puck.
2:05 of 3rd period - Backhand shot by Anze Kopitar.
2:05 of 3rd period - Stopped by Jakub Dobes with a rebound.
2:07 of 3rd period - Snap shot by Anze Kopitar.
2:07 of 3rd period - Shot Misses the Net.
2:25 of 3rd period - Snap shot by Matt Rempe.
2:25 of 3rd period - Stopped by Ville Husso with a rebound.
2:34 of 3rd period - Off-side.
2:35 of 3rd period - Nick Foligno wins face-off versus Tyler Johnson in neutral zone.
2:42 of 3rd period - Snap shot by Ryan Strome.
2:42 of 3rd period - Shot Misses the Net.
2:44 of 3rd period - Wrist shot by Curtis Lazar.
2:44 of 3rd period - Goal by Curtis Lazar - Flames : 4 - Jets : 6.
2:45 of 3rd period - Ryan Johansen wins face-off versus Mark Scheifele in neutral zone.
2:55 of 3rd period - Minor Penalty to Matt Rempe for Roughing.
2:56 of 3rd period - Robert Thomas wins face-off versus Jansen Harkins in Flames zone.
4:55 of 3rd period - Penalty to Matt Rempe is over, Matt Rempe is back on ice.
7:13 of 3rd period - Icing by Robert Thomas.
7:14 of 3rd period - Mark Scheifele wins face-off versus Dryden Hunt in Jets zone.
7:14 of 3rd period - Mark Scheifele is hit by Matt Rempe.
7:20 of 3rd period - Snap shot by Adam Larsson.
7:20 of 3rd period - Shot Misses the Net.
7:22 of 3rd period - Wrist shot by Tommy Novak.
7:22 of 3rd period - Stopped by Jakub Dobes without a rebound.
7:23 of 3rd period - Tommy Novak wins face-off versus Adam Henrique in Flames zone.
7:24 of 3rd period - Wrist shot by Mathieu Olivier.
7:24 of 3rd period - Shot Misses the Net.
7:29 of 3rd period - Off-side.
7:30 of 3rd period - Tyler Johnson wins face-off versus Anze Kopitar in neutral zone.
7:37 of 3rd period - Wrist shot by Macklin Celebrini.
7:37 of 3rd period - Deflect By Tyler Johnson.
7:37 of 3rd period - Stopped by Ville Husso without a rebound.
7:38 of 3rd period - Anze Kopitar wins face-off versus Tyler Johnson in Jets zone.
8:09 of 3rd period - Snap shot by Macklin Celebrini.
8:09 of 3rd period - Stopped by Ville Husso with a rebound.
8:11 of 3rd period - Snap shot by Ryan Johansen.
8:11 of 3rd period - Shot Blocked by Thomas Chabot.
8:13 of 3rd period - Snap shot by Macklin Celebrini.
8:13 of 3rd period - Stopped by Ville Husso without a rebound.
8:14 of 3rd period - Dryden Hunt wins face-off versus Mark Scheifele in Jets zone.
8:21 of 3rd period - Wrist shot by Dryden Hunt.
8:21 of 3rd period - Shot Hit the Post.
8:54 of 3rd period - Snap shot by Adam Henrique.
8:54 of 3rd period - Shot Blocked by Christopher Tanev.
9:52 of 3rd period - Snap shot by Mathieu Olivier.
9:52 of 3rd period - Shot Misses the Net.
9:54 of 3rd period - Slapshot by Tommy Novak.
9:54 of 3rd period - Shot Misses the Net.
9:56 of 3rd period - Snap shot by Mathieu Olivier.
9:56 of 3rd period - Stopped by Jakub Dobes without a rebound.
9:57 of 3rd period - Tommy Novak wins face-off versus Adam Henrique in Flames zone.
10:24 of 3rd period - Ryan Johansen is hit by Robert Thomas and loses puck.
10:33 of 3rd period - Snap shot by Robert Thomas.
10:33 of 3rd period - Shot Misses the Net.
10:35 of 3rd period - Snap shot by Robert Thomas.
10:35 of 3rd period - Shot Misses the Net.
10:53 of 3rd period - Dryden Hunt is hit by Thomas Chabot and loses puck.
11:16 of 3rd period - Snap shot by Nick Foligno.
11:16 of 3rd period - Stopped by Jakub Dobes with a rebound.
11:28 of 3rd period - Snap shot by Tommy Novak.
11:28 of 3rd period - Stopped by Jakub Dobes with a rebound.
11:30 of 3rd period - Slapshot by Christopher Tanev.
11:30 of 3rd period - Stopped by Jakub Dobes without a rebound.
11:31 of 3rd period - Tommy Novak wins face-off versus Matt Rempe in Flames zone.
11:32 of 3rd period - Slapshot by Mathieu Olivier.
11:32 of 3rd period - Shot Misses the Net.
11:38 of 3rd period - Snap shot by Mathieu Olivier.
11:38 of 3rd period - Shot Blocked by Matt Rempe.
11:40 of 3rd period - Wrist shot by Adam Larsson.
11:40 of 3rd period - Shot Blocked by Travis Hamonic.
11:42 of 3rd period - Snap shot by Adam Larsson.
11:42 of 3rd period - Shot Blocked by Keaton Middleton.
11:44 of 3rd period - Slapshot by Adam Klapka.
11:44 of 3rd period - Stopped by Jakub Dobes with a rebound.
11:50 of 3rd period - Slapshot by Tommy Novak.
11:50 of 3rd period - Stopped by Jakub Dobes with a rebound.
11:52 of 3rd period - Snap shot by Adam Larsson.
11:52 of 3rd period - Stopped by Jakub Dobes with a rebound.
11:54 of 3rd period - Snap shot by Thomas Chabot.
11:54 of 3rd period - Stopped by Jakub Dobes with a rebound.
12:01 of 3rd period - Minor Penalty to Matt Rempe for Interference.
12:02 of 3rd period - Robert Thomas wins face-off versus Jansen Harkins in Flames zone.
12:29 of 3rd period - Nick Leddy is hit by Kirill Kaprizov and loses puck.
13:40 of 3rd period - Keaton Middleton is hit by Kirill Kaprizov and loses puck.
14:01 of 3rd period - Penalty to Matt Rempe is over, Matt Rempe is back on ice.
14:01 of 3rd period - Adam Fantilli is hit by Kirill Kaprizov.
14:25 of 3rd period - Adam Klapka is hit by Olen Zellweger and loses puck.
14:40 of 3rd period - Wrist shot by Dryden Hunt.
14:40 of 3rd period - Shot Misses the Net.
14:42 of 3rd period - Snap shot by Olen Zellweger.
14:42 of 3rd period - Stopped by Ville Husso with a rebound.
14:44 of 3rd period - Snap shot by Adam Fantilli.
14:44 of 3rd period - Deflect By Dryden Hunt.
14:44 of 3rd period - Stopped by Ville Husso with a rebound.
14:50 of 3rd period - Slapshot by Adam Fantilli.
14:50 of 3rd period - Shot Misses the Net.
14:52 of 3rd period - Backhand shot by Dryden Hunt.
14:52 of 3rd period - Shot Misses the Net.
14:54 of 3rd period - Slapshot by Dryden Hunt.
14:54 of 3rd period - Shot Misses the Net.
14:56 of 3rd period - Wrist shot by Dryden Hunt.
14:56 of 3rd period - Goal by Dryden Hunt - Flames : 5 - Jets : 6.
14:57 of 3rd period - Anze Kopitar wins face-off versus Tyler Johnson in neutral zone.
15:01 of 3rd period - Thomas Chabot is hit by Keaton Middleton and loses puck.
15:07 of 3rd period - Off-side.
15:08 of 3rd period - Anze Kopitar wins face-off versus Tyler Johnson in neutral zone.
15:08 of 3rd period - Thomas Chabot is hit by Travis Hamonic and loses puck.
15:16 of 3rd period - Minor Penalty to Ryan Johansen for Tripping.
15:17 of 3rd period - Jansen Harkins wins face-off versus Robert Thomas in Flames zone.
17:16 of 3rd period - Penalty to Ryan Johansen is over, Ryan Johansen is back on ice.
18:29 of 3rd period - Ilya Lyubushkin is hit by Jansen Harkins and loses puck.
18:54 of 3rd period - Snap shot by Anze Kopitar.
18:54 of 3rd period - Stopped by Jakub Dobes without a rebound.
18:55 of 3rd period - Claude Julien call a timeout for Flames.
18:55 of 3rd period - Kevin Stenlund wins face-off versus Anze Kopitar in Flames zone.
19:00 of 3rd period - Flames, Jakub Dobes is pulled from the net.
19:07 of 3rd period - Minor Penalty to Kevin Stenlund for Roughing.
19:08 of 3rd period - Jakub Dobes from Flames was sent back in the game.
19:08 of 3rd period - Robert Thomas wins face-off versus Jansen Harkins in Flames zone.
19:11 of 3rd period - Snap shot by Nikita Kucherov.
19:11 of 3rd period - Shot Misses the Net.
19:35 of 3rd period - Jansen Harkins is hit by Mark Scheifele and loses puck.
19:46 of 3rd period - Wrist shot by Kirill Kaprizov.
19:46 of 3rd period - Deflect By Anze Kopitar.
19:46 of 3rd period - Shot Misses the Net.
19:46 of 3rd period - Puck is out of play.
19:47 of 3rd period - Matt Rempe wins face-off versus Robert Thomas in Flames zone.
Goals for this period are 1 for Flames vs 2 for Jets.
Shots for this period are 8 for Flames vs 14 for Jets.